 Dungeon Crawl Stone Soup version 0.20-a0-550-gf70bbbc (webtiles) character file.

359 Ijustatesigmund the Sneak (level 6, 0/35 HPs)
             Began as a Kobold Assassin on Feb 2, 2017.
             Slain by Grinder (5 damage)
             ... while paralysed by Grinder
             ... on level 4 of the Dungeon.
             The game lasted 00:11:44 (4318 turns).

Ijustatesigmund the Sneak (Kobold Assassin)         Turns: 4318, Time: 00:11:45

Health: 0/35       AC:  6    Str:  9      XL:     6   Next: 98%
Magic:  6/6        EV:  3    Int: 14      God:
Gold:   223        SH:  0    Dex: 14 (16) Spells: 5/5 levels left

rFire    + . .     SeeInvis +   a - +2 dagger
rCold    + . .     Gourm    .   c - +0 robe
rNeg     . . .     Faith    .   (shield restricted)
rPois    .         Spirit   .   (no helmet)
rElec    .         Reflect  .   d - +0 cloak
rCorr    .         Harm     .   i - +2 pair of gloves
MR       +....                  (no boots)
Stlth    ++++......             l - amulet of rage
Regen    0.2/turn               (no ring)
                                p - ring of Dysmosui {rF+ rC+ MR+ EV+2 SInv}

@: paralysed
A: carnivore 3
a: Evoke Berserk Rage


You were on level 4 of the Dungeon.
You were very full.

You visited 1 branch of the dungeon, and saw 5 of its levels.
You also visited: Sewer.

You collected 223 gold pieces.

Inventory:

Hand Weapons
 a - a +2 dagger (weapon)
 b - a +1 blowgun
Armour
 c - a +0 robe (worn)
 d - a +0 cloak (worn)
 i - a +2 pair of gloves (worn)
Jewellery
 l - an amulet of rage (around neck)
 p - the ring of Dysmosui (left hand) {rF+ rC+ MR+ EV+2 SInv}
   (You found it in a sewer)

   [ring of evasion]

   It affects your evasion (+2).
   It protects you from fire.
   It protects you from cold.
   It affects your resistance to hostile enchantments.
   It lets you see invisible.
Wands
 s - a wand of confusion (15/48)
Scrolls
 m - 2 scrolls of teleportation
 n - 3 scrolls of remove curse
 o - a scroll of amnesia
 q - a scroll of identify
Potions
 h - a potion of cancellation
 k - 2 potions of brilliance
 r - a potion of beneficial mutation {unknown}
Comestibles
 g - 4 meat rations
 j - 2 royal jellies


   Skills:
 - Level 2.1 Fighting
 + Level 5.5 Short Blades
 - Level 2.1 Throwing
 + Level 4.4 Dodging
 + Level 7.8 Stealth


You had 5 spell levels left.
You didn't know any spells.

Dungeon Overview and Level Annotations

Branches:
Dungeon (5/15)
 Temple: D:4-7

Altars:
Hepliaklqana
Uskayaw

Annotations:
D:4 Grinder


Innate Abilities, Weirdness & Mutations

You are small and have problems with some larger weapons.
You are carnivorous and can eat meat at any time.


Message History

Grinder completely misses you.
You closely miss Grinder.
Grinder is severely wounded.
Grinder barely misses you.
You hit Grinder but do no damage.
Grinder is severely wounded.
You hit Grinder but do no damage.
Grinder is severely wounded.
Grinder gestures at you. You resist with almost no effort.
You barely miss Grinder.
Grinder is severely wounded.
Grinder gestures at you.
You suddenly lose the ability to move!
Grinder hits you.
You writhe in agony.
Grinder hits you.
You writhe in agony.
Grinder hits you!
* * * LOW HITPOINT WARNING * * *
You writhe in agony.
You die...

#############
#...........#
.##......(....#
...............
.##...........# .
.##..[(......## ...
.............#8
..(..#######............
..((((.@5.........#####8
.<(...#####...........##
..#.# #.#########.## #
#.#### #%..## #....#
#.#### ####.# #.# ####.#
#.#### # #....####.....
###.###.####........


You could see Grinder.

Vanquished Creatures
  A bullfrog (Sewer)
  A scorpion (D:5)
  A hound (D:5)
  3 gnolls (D:3)
  7 adders
  An ooze (D:3)
  An adder skeleton (D:4)
  3 worms
  2 dart slugs (D:3)
  7 leopard geckos
  4 orcs
  15 giant cockroaches
  7 goblins
  5 hobgoblins
  4 jackals
  11 kobolds
  A quokka (D:4)
  A ball python (Sewer)
  8 bats
  8 frilled lizards
  6 rats
97 creatures vanquished.

Notes
Turn   | Place    | Note
-------+----------+-------------------------------------------
     0 | D:1      | Ijustatesigmund the Kobold Assassin began the quest for the Orb.
     0 | D:1      | Reached XP level 1. HP: 12/12 MP: 1/1
   229 | D:1      | Reached XP level 2. HP: 17/17 MP: 2/2
   291 | D:2      | Found a hide-covered altar of Uskayaw.
   789 | D:1      | Reached XP level 3. HP: 19/21 MP: 3/3
  1014 | D:2      | Reached skill level 6 in Stealth
  1375 | D:2      | Reached XP level 4. HP: 15/26 MP: 4/4
  2504 | D:3      | Reached XP level 5. HP: 27/30 MP: 5/5
  2506 | D:3      | Found a hazy altar of Hepliaklqana.
  2771 | D:3      | Found a glowing drain.
  2871 | Sewer    | Entered a sewer
  3320 | Sewer    | Noticed a bullfrog
  3335 | Sewer    | Killed a bullfrog
  3335 | Sewer    | Reached skill level 5 in Short Blades
  3335 | Sewer    | Reached skill level 7 in Stealth
  3335 | Sewer    | Reached XP level 6. HP: 23/35 MP: 6/6
  3343 | Sewer    | Got a crude silver ring
  3344 | Sewer    | Identified the ring of Dysmosui {rF+ rC+ MR+ EV+2 SInv} (You found it in a sewer)
  4093 | D:4      | Noticed Grinder
  4100 | D:5      | Entered Level 5 of the Dungeon
  4315 | D:4      | Paralysed by Grinder for 7 turns
  4318 | D:4      | Slain by Grinder

Vault maps used:
D:1:      tarquinn_simple_flora_water_d
D:2:      eat_drink_and_be_merry_uskayaw, grunt_decor_clamped
D:3:      nicolae_overflow_hidden_temple, gup_sewer_entry_glass
D:4:      small_statue_intersection, uniq_grinder
D:5:      okawaru_gym_becter, lemuel_doored_altar, minmay_temple_entry_hall,
          first_bread
Sewer:    sewer_frog_island_01

Skill      XL: |  1  2  3  4  5 |
---------------+----------------+-----
Short Blades   | 3 4 5 |  5.5
Dodging        | 2 3 4 |  4.4
Stealth        | 6 7 |  7.8
Fighting       | |  2.1
Throwing       | |  2.1

Action                   |  1- 3 |  4- 6 || total
-------------------------+-------+-------++-------
Melee: Dagger            |    90 |   327 ||   417
 Fire: Blowgun           |     3 |    16 ||    19
  Use: Scroll            |     6 |     5 ||    11
       Potion            |       |     6 ||     6
 Stab: Sleeping          |     8 |    18 ||    26
       Distracted        |       |     1 ||     1
  Eat: Chunk             |     3 |    16 ||    19
Armor: Robe              |    26 |    47 ||    73
Dodge: Dodged            |   105 |   209 ||   314
